 Dungeon Crawl Stone Soup version 0.31-a0-210-gccc998df9b (webtiles) character file.

Game seed: 9548267121031706054

32 qw the Chopper (level 3, -1/23 HPs)
             Began as a Gargoyle Fighter on June 29, 2023.
             Slain by a hobgoblin (5 damage)
             ... led by Robin
             ... on level 2 of the Dungeon.
             The game lasted 00:00:29 (1675 turns).

qw the Chopper (Gargoyle Fighter)                   Turns: 1675, Time: 00:00:29

Health: -1/23      AC: 14    Str: 21    XL:     3   Next: 27%
Magic:  3/3        EV:  5    Int:  8    God:
Gold:   121        SH:  4    Dex:  9    Spells: 2/2 levels left

rFire   . . .        Y - +1 war axe
rCold   . . .        c - +0 buckler
rNeg    + . .        a - +0 plate armour
rPois   inf          (no helmet)
rElec   +            (no cloak)
rCorr   .            (no gloves)
SInv    .            (no boots)
Will    .....        (no amulet) Stlth
                     (no ring)
HPRegen 0.23/turn    (no ring)
MPRegen 0.08/turn

%: no passive effects
@: no status effects
A: sickness immunity, AC +3, negative energy resistance 1, electricity
resistance, torment resistance 1, petrification resistance
a: no special abilities


You were on level 2 of the Dungeon.
You visited 1 branch of the dungeon, and saw 3 of its levels.

You collected 121 gold pieces.


Innate Abilities, Weirdness & Mutations

You are immune to sickness and miasma.
Your stone body is resilient. (AC +3)
You are immune to poison.
You resist negative energy. (rN+)
You are resistant to electric shocks. (rElec)
You are resistant to unholy torment.
You are immune to petrification.


   Skills:
 - Level 3.2 Fighting
 + Level 3.3 Axes
 - Level 3.2 Armour
 - Level 3.2 Shields


You had 2 spell levels left.
You didn't know any spells.
Your spell library was empty.

Inventory:

Hand Weapons
 h - a +0 club
 Y - a +1 war axe (weapon)
Armour
 a - a +0 plate armour (worn)
 c - a +0 buckler (worn)
Potions
 d - a potion of might
 e - a potion of mutation {unknown}
 f - a potion of magic {unknown}
 j - a potion of curing

Dungeon Overview and Level Annotations

Branches:
Dungeon (3/15)

Altars:

Shops:
D:3 !

Annotations:
D:3 Robin


Message History

The hobgoblin is almost dead.
You barely miss the goblin. You closely miss the goblin.
The goblin hits you but does no damage. The hobgoblin completely misses you.
Robin roars a battlecry!
The goblins go into a battle-frenzy!
You barely miss the hobgoblin.
The hobgoblin is almost dead.
You barely miss the hobgoblin. You hit the goblin. You closely miss the goblin.
The goblin closely misses you. The goblin completely misses you.
The hobgoblin barely misses you. The hobgoblin hits you.
1672 ||| STAIRDANCE The goblin hits you with a +0 dagger.
The hobgoblin hits you but does no damage.
The goblin hits you with a +0 club. The hobgoblin hits you.
You climb upwards.
There is a stone staircase leading down here.
Enter note:
Enter note:
Enter note:
Enter note:
Enter note:
Enter note:
Enter note:
Enter note:
Enter note: You barely miss the hobgoblin.
The hobgoblin is almost dead.
You hit the goblin.
You kill the goblin!
You hit the hobgoblin. You closely miss the goblin.
You block the hobgoblin's attack. The hobgoblin hits you.
The goblin hits you with a +0 club. The hobgoblin hits you.
You block the hobgoblin's attack. The goblin hits you but does no damage.
You closely miss the hobgoblin.
The hobgoblin is almost dead.
You slash the goblin!
You kill the goblin!
You barely miss the hobgoblin. The hobgoblin hits you.
You die...

#.## ##.###.......## ##.#
##.###......###.##.###..#
###.#.####..........#.#.#
####..####..###.####....#
............# #.# ##.###
####..####.## #.# #.#
.......###.####.## #.#
#####..........))# #.#
#..###.####g@# #.# #..#
#.####.g# #.# #..#
#.#.....# #.#
#####..###.#.###.# #.#
...........#.###.# #.#
#####..#####.....# #.# #
##.#.###..###.####(# #
#.###.....# #......# #
##.#.###..###.######


You could see 2 hobgoblins.

Vanquished Creatures
  6 endoplasms (D:1)
  10 goblins
  2 hobgoblins
  6 kobolds (D:1)
  A quokka (D:1)
  3 bats (D:1)
  A rat (D:2)
29 creatures vanquished.

Notes
Turn   | Place    | Note
-------+----------+-------------------------------------------
     0 | D:1      | qw the Gargoyle Fighter began the quest for the Orb.
     0 | D:1      | Reached XP level 1. HP: 14/14 MP: 1/1
     0 | D:1      | 0 ||| qw: Version: 0.3-a-24-g62f9e04
     0 | D:1      | 0 ||| qw: Game counter: 6724
     0 | D:1      | 0 ||| qw: Melee chars always use a shield: true
     0 | D:1      | 0 ||| qw: God list: Okawaru
     0 | D:1      | 0 ||| qw: Allow faded altars: false
     0 | D:1      | 0 ||| qw: Do Orc after clearing Dungeon:15 true
     0 | D:1      | 0 ||| qw: Do second Lair branch before Depths: true
     0 | D:1      | 0 ||| qw: Lair rune preference: random
     0 | D:1      | 0 ||| qw: Goals: Normal, Zot:1-4, Slime:5, God:TSO, Crypt,
                  | Tomb, Abyss, Pan, Hells, Win
     0 | D:1      | 0 ||| PLANNING D:1-11
   281 | D:1      | Reached XP level 2. HP: 10/19 MP: 2/2
   773 | D:1      | 773 ||| Stepping ~*~*~tactically~*~*~ (hiding).
   879 | D:1      | Reached skill level 3 in Axes
  1015 | D:1      | 1015 ||| READING 2 scrolls labelled QODOCKOIMARCH.
  1016 | D:1      | 1016 ||| DROPPING scroll of vulnerability.
  1112 | D:2      | Found a faded altar of an unknown god.
  1211 | D:2      | Reached XP level 3. HP: 19/23 MP: 3/3
  1606 | D:2      | 1606 ||| UPGRADING to +0 plate armour.
  1616 | D:2      | 1616 ||| DROPPING +0 scale mail.
  1617 | D:2      | 1617 ||| READING scroll labelled OROCA DOWN.
  1618 | D:2      | 1618 ||| DRINKING 2 bubbling blue potions.
  1621 | D:2      | 1621 ||| DRINKING 2 viscous brown potions.
  1622 | D:2      | 1622 ||| DROPPING potion of ambrosia.
  1664 | D:3      | Noticed Robin
  1664 | D:3      | Found Targhoni's Distillery.
  1672 | D:3      | 1672 ||| STAIRDANCE
  1674 | D:2      | HP: 4/23 [hobgoblin[Robin] (4)]
  1675 | D:2      | Slain by a hobgoblin

Levels and vault maps discovered:
D:1:      dpeg_arrival_yet_another_circle, layout_loops_corners
D:2:      layout_loops_ring, hellmonk_ecumenical_altar_heavens_door
D:3:      layout_basic, overflow_temple_1_default, serial_shops,
          nicolae_shop_window_shopping, kennysheep_crisscross,
          hangedman_decor_growths, grunt_ministairs_10, dk_vineyard_1,
          minmay_misc_feat_tiny, uniq_jessica, uniq_robin

Skill      XL: |  1  2 |
---------------+-------+-----
Axes           | 2 3 |  3.3
Fighting       | |  3.2
Armour         | |  3.2
Shields        | |  3.2

Action                     || total
---------------------------++-------
  Melee: War axe           ||    62
    Use: Scroll            ||     2
         Potion            ||     2
 Armour: Scale mail        ||    26
         Plate armour      ||    12
  Dodge: Dodged            ||    21
  Block: Buckler           ||    15

Table legend:
 A = Non-vault XP
 B = Vault XP
 C = Vault XP percentage of total XP
 D = Non-vault monster count
 E = Vault monster count
 F = Vault count percentage of total count
                 A         B        C        D         E       F
            +---------+---------+-------+---------+---------+-------
      Total |      34 |      15 |  30.6 |      21 |       8 |  27.6
            +---------+---------+-------+---------+---------+-------
        D:1 |      30 |       0 |   0.0 |      18 |       0 |   0.0
        D:2 |       4 |       4 |  50.0 |       3 |       2 |  40.0
        D:3 |       0 |      11 | 100.0 |       0 |       6 | 100.0
            +---------+---------+-------+---------+---------+-------
